 Dungeon Crawl Stone Soup version 0.32-a0-607-g64ea0e4219 (webtiles) character file.

Game seed: 2087950543402327429

2547 Goblin1989 the Basher (level 9, 0/68 HPs)
             Began as a Coglin Gladiator on Mar 3, 2024.
             Was an Initiate of Gozag.
             Slain by a vampire (5 damage)
             ... on level 7 of the Dungeon.
             The game lasted 00:14:07 (7022 turns).

Goblin1989 the Basher (Coglin Gladiator)            Turns: 7022, Time: 00:14:07

Health: 0/68       AC:  9    Str: 18    XL:     9   Next: 56%
Magic:  9/9        EV: 12    Int:  8    God:    Gozag
Gold:   382        SH:  0    Dex: 16    Spells: 8/8 levels left

rFire   . . .        a - +0 flail {Myungok}
rCold   . . .        F - +0 flail {Albrecht}
rNeg    . . .        r - +0 scale mail
rPois   .            c - +0 helmet
rElec   .            (no cloak)
rCorr   .            t - +0 pair of gloves
SInv    .            (no boots)
Will    .....        (amulet unavailable) Stlth
                     (ring unavailable)
HPRegen 0.31/turn    (ring unavailable)
MPRegen 0.11/turn    (no gizmo)

%: no passive effects
@: revved
A: off-hand wielding, slow wielding, warmup strikes, no jewellery
a: Invent Gizmo, Renounce Religion, Potion Petition, Call Merchant, Bribe Branch


You were on level 7 of the Dungeon.
You worshipped Gozag.
Gozag was aware of your devotion.
You visited 2 branches of the dungeon, and saw 8 of its levels.
You also visited: Sewer.

You collected 469 gold pieces.
You paid 87 gold pieces to Gozag.

Inventory:

Hand Weapons
 a - a +0 flail (weapon) {Myungok}
 F - a +0 flail (offhand) {Albrecht}
Missiles
 d - 3 throwing nets (quivered) {!d , @Q1}
 e - a javelin
Armour
 c - a +0 helmet (worn)
 r - a +0 scale mail (worn)
 s - a +0 plate armour
 t - a +0 pair of gloves (worn)
 J - a +0 plate armour of cold resistance
Wands
 H - a wand of polymorph (4)
 N - a wand of mindburst (12)
Scrolls
 u - 4 scrolls of fog {unknown}
 w - 5 scrolls of identify {@r1}
 x - 3 scrolls of enchant armour {unknown}
 y - a scroll of vulnerability {unknown}
 B - 3 scrolls of blinking {unknown}
 C - 3 scrolls of teleportation {!r, @r2}
 I - 2 scrolls of fear {unknown}
 K - a scroll of amnesia {unknown}
Potions
 m - a potion of lignification {unknown}
 o - a potion of magic {unknown}
 p - 2 potions of resistance {unknown}
 q - 2 potions of invisibility {unknown}
 v - a potion of mutation {unknown}
 A - a potion of haste {unknown}
 D - 2 potions of cancellation {unknown}
 E - a potion of brilliance {unknown}
 G - a potion of enlightenment {unknown}
 L - 2 potions of curing {@q1}
 M - 2 potions of heal wounds


   Skills:
 + Level 5.0 Fighting
 * Level 9.3 Maces & Flails
 - Level 1.7 Throwing
 + Level 4.1 Armour
 + Level 5.1 Dodging


You had 8 spell levels left.
You didn't know any spells.
Your spell library contained the following spells:

 Spells                   Type           Power      Damage    Failure   Level
 Sting                    Conj/Alch      0%         1d3       78%         1
 Mercury Vapours          Alch/Air       0%         N/A       89%         2
 Ozocubu's Armour         Ice            0%         N/A       98%         3
 Olgreb's Toxic Radiance  Alch           0%         N/A       100%        4
 Metabolic Englaciation   Hex/Ice        0%         N/A       100%        5
 Sculpt Simulacrum        Ice/Alch       0%         N/A       100%        6
 Haunt                    Necr/Summ      0%         N/A       100%        7
 Borgnjor's Revivificati  Necr           0%         N/A       100%        8
 Chain Lightning          Conj/Air       0%         N/A       100%        9
 Death's Door             Necr           0%         N/A       100%        9
 Fire Storm               Conj/Fire      0%         5d1       100%        9
 Shatter                  Erth           0%         3d5*      100%        9


Dungeon Overview and Level Annotations

Branches:
Dungeon (7/15) Zot: 26128  Temple (1/1) D:6 Zot: 5943   Sewer (visited)

Altars:
Cheibriados
Dithmenos
Elyvilon
Gozag
Hepliaklqana
Kikubaaqudgha
Makhleb
Nemelex Xobeh
Okawaru
Qazlal
Ru
Sif Muna
Uskayaw
Vehumet
Wu Jian
Xom
Yredelemnul
Zin
The Shining One

Shops:
D:2 (


Innate Abilities, Weirdness & Mutations

You can wield a second weapon in your off-hand.
It takes a long time for you to wield or remove held weapons.
Your first few attacks do less damage.
You cannot equip rings or amulets.


Message History

No target in view!
No target in view!
No target in view!
No target in view!
No target in view!
No target in view!
No target in view!
No target in view!
No target in view!
No target in view!
You now have 382 gold pieces (gained 15).
You see here a +0 shortbow.
Found a war axe.
Health restored: 68 You open the door.
A vampire comes into view.
There is an open door here.
A vampire is nearby!
The vampire barely misses you. The vampire closely misses you.
You barely miss the vampire with your +0 flail.
You thump the vampire with your +0 flail!
The vampire closely misses you. The vampire barely misses you.
You hit the vampire with your +0 flail.
The vampire is moderately damaged.
You closely miss the vampire with your +0 flail.
The vampire hits you. The vampire bites you.
The vampire draws strength from your injuries!
You take 11 damage, and have 57/68 hp.
You sock the vampire with your +0 flail!
The vampire is heavily damaged.
You barely miss the vampire with your +0 flail.
The vampire hits you! The vampire bites you.
The vampire draws strength from your injuries!
You take 16 damage, and have 41/68 hp.
MASSIVE DAMAGE!!
You hit the vampire with your +0 flail.
The vampire is moderately damaged.
You hit the vampire but do no damage. You hit the vampire but do no damage.
The vampire is moderately damaged.
You barely miss the vampire with your +0 flail.
The vampire casts a spell.
The vampire flickers and vanishes!
Deactivating autopickup; reactivate with Ctrl-A.
No target in view!
No target in view!
No target in view!
No target in view!
No target in view!
No target in view!
No target in view!
No target in view!
No target in view!
No target in view!
No target in view!
No target in view!
No target in view!
No target in view!
No target in view!
No target in view!
No target in view!
No target in view!
No target in view!
No target in view!
No target in view!
You sock something with your +0 flail! You hit something but do no damage.
Something draws life force from you!
* * * LOW HITPOINT WARNING * * *
You take 16 damage, and have 26/68 hp.
MASSIVE DAMAGE!!
You barely miss something with your +0 flail.
You hit something but do no damage. Something completely misses you.
Something bites you but does no damage.
You barely miss something with your +0 flail.
You hit something with your +0 flail.
You hear some strange, mumbled words.
Something tries to affect you, but you resist.
You hit something but do no damage. You thump something with your +0 flail!
Something hits you.
* * * LOW HITPOINT WARNING * * *
Something bites you.
* * * LOW HITPOINT WARNING * * *
Something draws strength from your injuries!
You take 10 damage, and have 17/68 hp.
You hit something but do no damage.
You completely miss something with your +0 flail.
Something hits you.
* * * LOW HITPOINT WARNING * * *
Something bites you.
* * * LOW HITPOINT WARNING * * *
Something draws strength from your injuries!
You take 4 damage, and have 13/68 hp.
You barely miss something with your +0 flail.
You hit something but do no damage. Something hits you but does no damage.
Something bites you.
* * * LOW HITPOINT WARNING * * *
Something draws strength from your injuries!
You hit something but do no damage. x2; Something hits you!
* * * LOW HITPOINT WARNING * * *
Something bites you.
You die...
Your body crumbles into a pile of gold.

.......█ █........███████████
███.████ █.██...............█ █.█
█.███.██.█████████.█ █.█
█.███.██.█ █.█ █.█ █........█
███.█ ██.██ █████∆████ ██.█.█
█...█ ██...██ ██....█ █...███
██.....██ █.....█ █...█.██
█...@...█ ██...██
██.█...████....{....████...█████
█........▲.........▲...........
███.█...████.........████...█████
........█ ██.......██ ██..█
███.███.█ ██.....██ ██.█ █ █.█
█.█ ██...██ ██.█ █ █.█ █.█


██▲██ █..█ █ █.███.████████.█ █.██ There were no monsters in sight!

Vanquished Creatures
  A wraith (D:7)
  4 water moccasins
  A sky beast (D:7)
  2 ice beasts
  3 black bears
  An ogre (D:7)
  2 centaurs
  2 phantoms
  Blork the orc (D:4)
  2 brain worms (Sewer)
  A bombardier beetle (D:5)
  5 hounds
  2 orc priests
  3 jellies
  A sleepcap (D:4)
  An iguana (D:5)
  7 orc wizards
  Robin (D:2)
  5 adders
  7 gnolls
  4 river rats (Sewer)
  3 white imps
  2 ufetubi (D:5)
  3 dart slugs
  3 ribbon worms
  14 orcs
  16 ball pythons
  3 bats
  7 endoplasms
  3 giant cockroaches
  12 goblins
  5 hobgoblins
  6 jackals
  A quokka (D:5)
  8 frilled lizards
  2 kobolds
  14 rats
158 creatures vanquished.

Notes
Turn   | Place    | Note
-------+----------+-------------------------------------------
     0 | D:1      | Goblin1989 the Coglin Gladiator began the quest for the
                  | Orb.
     0 | D:1      | Reached XP level 1. HP: 16/16 MP: 1/1
   199 | D:1      | Reached skill level 3 in Maces & Flails
   255 | D:1      | Reached XP level 2. HP: 22/22 MP: 2/2
   701 | D:2      | Reached XP level 3. HP: 27/27 MP: 3/3
   701 | D:2      | Found Fianurch's Antique Weapon Boutique.
  1058 | D:2      | Reached skill level 4 in Maces & Flails
  1137 | D:2      | Noticed Robin
  1163 | D:2      | Killed Robin
  1164 | D:2      | Reached XP level 4. HP: 7/33 MP: 4/4
  1328 | D:2      | You fall into a shaft and drop 2 floors!
  1374 | D:4      | Reached skill level 5 in Maces & Flails
  1374 | D:4      | Reached XP level 5. HP: 17/38 MP: 5/5
  1631 | D:4      | Noticed a black bear
  1635 | D:4      | Noticed Blork the orc
  1638 | D:4      | Killed a black bear
  1639 | D:4      | Reached skill level 6 in Maces & Flails
  1639 | D:4      | Reached XP level 6. HP: 37/44 MP: 6/6
  1647 | D:4      | Killed Blork the orc
  2053 | D:3      | Found a shimmering altar of Xom.
  2279 | D:3      | Found a burning altar of Makhleb.
  2326 | D:3      | Found a glowing drain.
  2336 | D:3      | Reached XP level 7. HP: 34/50 MP: 7/7
  2360 | Sewer    | Entered a sewer
  2469 | Sewer    | Reached skill level 7 in Maces & Flails
  2677 | Sewer    | Reached skill level 1 in Armour
  3819 | D:4      | Found a sparkling altar of Nemelex Xobeh.
  3972 | D:5      | Entered Level 5 of the Dungeon
  4099 | D:5      | Reached XP level 8. HP: 55/57 MP: 8/8
  4356 | D:5      | Found the Hermit's Pendant {Faith Invo=14 Evo=0 MP+5}
  4437 | D:5      | HP: 1/58 [orc/+0 flail (8)]
  4820 | D:5      | Reached skill level 8 in Maces & Flails
  4879 | D:5      | Found a shimmering blue altar of Sif Muna.
  5276 | D:6      | Found a staircase to the Ecumenical Temple.
  5285 | Temple   | Entered the Ecumenical Temple
  5313 | Temple   | Became a worshipper of Gozag Ym Sagoz the Greedy
  5524 | D:6      | Reached XP level 9. HP: 61/65 MP: 9/9
  5700 | D:6      | Found a radiant altar of Vehumet.
  5724 | D:6      | Found an ornate altar of the Wu Jian Council.
  6291 | D:7      | Reached skill level 9 in Maces & Flails
  6749 | D:7      | Reached skill level 5 in Dodging
  6911 | D:7      | Reached skill level 5 in Fighting
  7022 | D:7      | Slain by a vampire

Illustrated notes

Levels and vault maps discovered:
D:1:      dpeg_arrival_pits, layout_loops_ring
D:2:      layout_basic, serial_forest, infiniplex_forest_clump_long,
          infiniplex_forest_lined_3, infiniplex_forest_pool,
          infiniplex_forest_lined_room_2, infiniplex_forest_clump_tiny,
          infiniplex_forest_clump_curved, infiniplex_forest_clump_curved,
          infiniplex_forest_straight_1, serial_shops,
          nicolae_shop_rolling_square, st_stairs_12, uniq_robin
D:3:      layout_basic, xom_teletrap_fun, mainiacjoe_overflow_alcove_2,
          portal_sewer_entry_c, kennysheep_doodads
D:4:      layout_rooms, nemelex_spade_bored_becter, uniq_blork_the_orc
D:5:      layout_basic, nicolae_sif_muna_condensation
D:6:      layout_gridville, mainiacjoe_overflow_catwalk_spiral,
          minmay_temple_entry_waves, minmay_checkerbox
D:7:      layout_loops_corners
Temple:   oiseaux_autumnal_temple

Skill      XL: |  1  2  3  4  5  6  7  8  9 |
---------------+----------------------------+-----
Maces & Flails | 3 4 5 6 7 8 9 |  9.3
Dodging        | 3 4 5 |  5.1
Armour         | 1 3 4 |  4.1
Fighting       | 4 5 |  5.0
Throwing       | |  1.7

Action                     |  1- 3 |  4- 6 |  7- 9 || total
---------------------------+-------+-------+-------++-------
  Melee: Flail             |    78 |    91 |   411 ||   580
         Dagger            |    29 |       |       ||    29
         Whip              |    35 |    86 |    80 ||   201
    Use: Potion            |     1 |       |     4 ||     5
         Scroll            |       |     4 |       ||     4
   Stab: Distracted        |     1 |       |       ||     1
         Sleeping          |     1 |       |       ||     1
 Armour: Leather armour    |    50 |    49 |       ||    99
         Scale mail        |       |    21 |   202 ||   223
  Dodge: Dodged            |    56 |    58 |   150 ||   264

Table legend: (Time is in decaauts)
 A = Elapsed time spent in this place.
 B = Non-inter-level travel time spent in this place.
 C = Inter-level travel time spent in this place.
 D = Time resting spent in this place.
 E = Time spent auto-exploring this place.
 F = Levels seen in this place.
 G = Mean time per level.
                   A        B        C        D        E       F      G
               +--------+--------+--------+--------+--------+-----+--------+
         Total |   7062 |   6820 |    242 |    512 |   4923 |   9 |  784.7 |
       Dungeon |   6496 |   6308 |    188 |    512 |   4540 |   7 |  928.0 |
        Temple |     56 |      2 |     54 |      0 |      0 |   1 |   56.0 |
         Sewer |    509 |    509 |      0 |      0 |    382 |   1 |  509.0 |
               +--------+--------+--------+--------+--------+-----+--------+

Top non-repeatable levels by time:
     D:5: 1159 daAuts
     D:4: 1019 daAuts
     D:6: 962 daAuts
     D:2: 951 daAuts
     D:7: 870 daAuts
     D:3: 853 daAuts
     D:1: 680 daAuts
   Sewer: 509 daAuts
  Temple: 56 daAuts
